 Dungeon Crawl Stone Soup version 0.31-a0-210-gccc998df9b (webtiles) character file.

Game seed: 8038061054197429092

345 Strat the Caller (level 6, 0/62 HPs)
             Began as an Ogre Summoner on June 30, 2023.
             Killed by divine providence
             ... invoked by an orc priest
              (11 damage)
             ... on level 4 of the Dungeon.
             The game lasted 00:09:21 (3609 turns).

Strat the Caller (Ogre Summoner)                    Turns: 3609, Time: 00:09:22

Health: 0/62       AC:  3    Str: 13    XL:     6   Next: 58%
Magic:  7/10       EV: 24    Int: 18    God:
Gold:   214        SH:  0    Dex:  9    Spells: 5/11 levels left

rFire   + . .        (no weapon)
rCold   . . .        (no shield)
rNeg    . . .        a - +0 robe
rPois   .            (helmet restricted)
rElec   .            (no cloak)
rCorr   .            (gloves unavailable)
SInv    .            (boots unavailable)
Will    .....        j - amulet of the acrobat
Stlth   +            e - ring of protection from fire
HPRegen 0.30/turn    (no ring)
MPRegen 0.12/turn

%: acrobat
@: acrobatic
A: large, unfitting armour, tough skin 1
a: no special abilities


You were on level 4 of the Dungeon.
You visited 1 branch of the dungeon, and saw 4 of its levels.

You collected 214 gold pieces.

Inventory:

Missiles
 d - 13 poisoned darts
 l - 6 datura-tipped darts
Armour
 a - a +0 robe (worn)
Jewellery
 e - a ring of protection from fire (left hand)
 j - an amulet of the acrobat (around neck)
Scrolls
 c - 3 scrolls of teleportation
 f - a scroll of identify
 i - a scroll of vulnerability
Potions
 b - a potion of magic
 g - 2 potions of enlightenment
 h - a potion of resistance
 k - a potion of might {unknown}
 m - a potion of cancellation


   Skills:
 - Level 3.8 Fighting
 - Level 1.7 Dodging
 - Level 1.4 Stealth
 + Level 3.2 Spellcasting
 * Level 6.1 Summonings


You had 5 spell levels left.
You knew the following spells:

 Your Spells              Type           Power      Damage    Failure   Level
a - Summon Small Mammal   Summ           96%        N/A       1%          1
b - Call Imp              Summ           48%        N/A       1%          2
c - Call Canine Familiar  Summ           24%        N/A       4%          3

Your spell library contained the following spells:

 Spells                   Type           Power      Damage    Failure   Level
 Summon Guardian Golem    Hex/Summ       13%        N/A       14%         3
 Kiss of Death            Conj/Necr      8%         2d6       16%         1
 Summon Lightning Spire   Summ/Air       13%        N/A       41%         4
 Confusing Touch          Hex            2%         N/A       43%         3
 Dispel Undead            Necr           2%         3d7       85%         4


Dungeon Overview and Level Annotations

Branches:
Dungeon (4/15)
 Temple: D:4-7

Altars:

Shops:
D:3 [


Innate Abilities, Weirdness & Mutations

You are too large for most types of armour.
You have tough skin. (AC +1)


Message History

Your cerulean imp hits the orc from afar with a -2 spear.
Your hound barely misses the orc.
There is a stone staircase leading up here.
Your cerulean imp hits the orc with a -2 spear.
The orc dies!
Something hits your hound.
Your hound bites something.
The orc priest mumbles some strange prayers to Beogh against you.
Something writhes in agony!
Something hits your hound.
Your hound barely misses something.
Your hound bites something but does no damage.
Your hound resists with significant effort.
Your hound misses something. Something barely misses your hound.
Your hound closely misses something.
Your hound bites something.
Something barely misses your hound.
Your hound barely misses something.
Your hound closely misses something.
Something barely misses your hound.
Your hound bites something.
Reactivating autopickup.
You feel a bit more experienced.
The orc priest calls down the wrath of Beogh upon you.
Beogh smites you!
* * * LOW HITPOINT WARNING * * *
Your hound barely misses the orc priest.
The orc priest completely misses your hound.
Your cerulean imp hits the orc priest from afar with a -2 spear.
Your hound barely misses the orc priest.
The orc priest mumbles some strange prayers to Beogh against you.
Beogh smites you!
* * * LOW HITPOINT WARNING * * *
Your hound bites the orc priest.
Your cerulean imp hits the orc priest from afar with a -2 spear.
The orc priest mumbles some strange prayers to Beogh against you.
Your hound writhes in agony!
Your hound dies!
Your hound's corpse disappears in a puff of smoke!
Your cerulean imp hits the orc priest but does no damage.
The orc priest invokes the aid of Beogh against you.
Beogh smites you!
You die...

######.## #######...
#...# #####.........
#..÷# #......####...
#...#####.###..# ####
#.........##...# ###
####...#####.##.#.# #..
..............##.#.#
###..
................[..#
#....
.........@....##.###
#.#..
####....#.###.##.#
#.#..
#.....)...)##.#####.###
#....#5###..........# #
##....#)# ####[#######
# #......o# #.# #
#.......# #.# #######
#.##.##)######.#
#.†.... #.
#o.....g.##.###.#####


You could see an orc priest (ally target) and a friendly cerulean imp
(summoned).

Vanquished Creatures
  A dart slug (D:1)
  2 ball pythons
  2 goblins (D:1)
  3 hobgoblins
  A quokka (D:2)
  A kobold (D:4)
10 creatures vanquished.

Vanquished Creatures (collateral kills)
  An orc priest (D:3)
  A hound (D:3)
  Jessica (D:2)
  Natasha (thrice) (D:2)
  Terence (D:2)
  2 orc wizards (D:4)
  3 adders
  3 dart slugs
  4 orcs
  2 bats (D:2)
  6 endoplasms
  5 giant cockroaches
  6 goblins
  9 hobgoblins
  7 jackals
  A quokka (D:1)
  4 ball pythons
  3 frilled lizards (D:1)
  10 kobolds
  2 rats
74 creatures vanquished.

Vanquished Creatures (others)
  A kobold (D:2)
1 creature vanquished.

Grand Total: 85 creatures vanquished

Notes
Turn   | Place    | Note
-------+----------+-------------------------------------------
     0 | D:1      | Strat the Ogre Summoner began the quest for the Orb.
     0 | D:1      | Reached XP level 1. HP: 16/16 MP: 3/3
   141 | D:1      | Reached skill level 1 in Fighting
   184 | D:1      | Reached XP level 2. HP: 27/27 MP: 1/5
   187 | D:1      | Learned a level 2 spell: Call Imp
   347 | D:1      | Reached skill level 4 in Summonings
   621 | D:1      | Reached XP level 3. HP: 35/35 MP: 3/6
   681 | D:1      | Learned a level 3 spell: Call Canine Familiar
  1447 | D:2      | Noticed Terence
  1531 | D:2      | Killed Terence
  1532 | D:2      | Reached XP level 4. HP: 39/44 MP: 4/7
  1677 | D:2      | Noticed Jessica
  1695 | D:2      | Killed Jessica
  1779 | D:2      | Noticed Natasha
  1785 | D:2      | Killed Natasha
  1786 | D:2      | Reached skill level 5 in Summonings
  1786 | D:2      | Reached XP level 5. HP: 53/53 MP: 4/8
  1902 | D:2      | Noticed Natasha
  1910 | D:2      | Killed Natasha
  1960 | D:2      | Found a faded altar of an unknown god.
  1971 | D:2      | Noticed Natasha
  1979 | D:2      | Killed Natasha
  2367 | D:3      | Reached XP level 6. HP: 59/62 MP: 7/10
  2806 | D:3      | Found Buoc's Armour Shop.
  3593 | D:4      | Reached skill level 6 in Summonings
  3609 | D:4      | Killed from afar by an orc priest

Illustrated notes

Levels and vault maps discovered:
D:1:      minmay_arrival_shoal_huts, layout_basic, minmay_distorted
D:2:      layout_loops_ring, basic_ecumenical_altar, uniq_terence, uniq_natasha,
          uniq_jessica
D:3:      layout_basic, serial_shops, shop, chequers_serial_rivers_micro_e
D:4:      layout_loops_cross, uniq_robin

Skill      XL: |  1  2  3  4  5  6 |
---------------+-------------------+-----
Fighting       | 1 2 3 |  3.8
Summonings     | 4 5 6 |  6.1
Spellcasting   | 3 |  3.2
Dodging        | |  1.7
Stealth        | |  1.4

Action                     |  1- 3 |  4- 6 || total
---------------------------+-------+-------++-------
  Melee: Unarmed           |    51 |    60 ||   111
         Punch             |       |     1 ||     1
   Cast: Summon Small Mamm |    15 |       ||    15
         Call Imp          |    15 |    22 ||    37
         Call Canine Famil |     2 |    12 ||    14
    Use: Scroll            |       |     8 ||     8
   Stab: Distracted        |       |     2 ||     2
 Armour: Robe              |    19 |    27 ||    46
  Dodge: Dodged            |    31 |    38 ||    69

Table legend: (Time is in decaauts)
 A = Elapsed time spent in this place.
 B = Non-inter-level travel time spent in this place.
 C = Inter-level travel time spent in this place.
 D = Time resting spent in this place.
 E = Time spent auto-exploring this place.
 F = Levels seen in this place.
 G = Mean time per level.
                   A        B        C        D        E       F      G
               +--------+--------+--------+--------+--------+-----+--------+
         Total |   3608 |   3487 |    121 |    241 |   2368 |   4 |  902.0 |
       Dungeon |   3608 |   3487 |    121 |    241 |   2368 |   4 |  902.0 |
               +--------+--------+--------+--------+--------+-----+--------+

Top non-repeatable levels by time:
     D:1: 1279 daAuts
     D:2: 925 daAuts
     D:3: 836 daAuts
     D:4: 567 daAuts
